[ AOE2 MATCH · #508576825 ]
UnrankedMongols vs Japanese
Player's team · LOSS
Rival team · WIN
[ REPLAY ANALYSIS · EXTRACTED FROM THE RECORDED GAME ]
Feudal
—
Castle
—
Imperial
—
| APM avg | 96.9 |
| APM peak | 116 |
| eAPM avg | 20.1 |
| Villagers / military | 35 / 0 |
Focus
⚔️ 21.6% · 🌾 78.4%
Feudal
—
Castle
—
Imperial
—
| APM avg | 21.9 |
| APM peak | 40 |
| eAPM avg | 12.5 |
| Villagers / military | 24 / 0 |
Focus
⚔️ 29.0% · 🌾 71.0%
Match map
Initial resources + every placement click. Lines = walls · curves = elevation contours. ◆ gold · ⬟ stone · ● berries · ✦ relic · ◌ wall gap
Your base· Open — unwalled flank
Zoopu's base· Open — unwalled flank
Smoothed initial terrain · ◌ = detected wall gap · hover for details
Inputs per minute
— タンヤ - - Zoopu
Build order — タンヤ
56 actions detected in the replay
| 0:01 | Queue | Villager (Male) |
| 0:01 | Queue | Villager (Male) |
| 0:02 | Build | House |
| 0:03 | Build | House |
| 0:11 | Queue | Villager (Male) |
| 0:11 | Queue | Villager (Male) |
| 0:11 | Queue | Villager (Male) |
| 1:24 | Queue | Villager (Male) |
| 2:13 | Queue | Villager (Male) |
| 2:13 | Queue | Villager (Male) |
| 2:18 | Research | Loom |
| 2:18 | Research | Loom |
| 3:10 | Queue | Villager (Male) |
| 3:37 | Queue | Villager (Male) |
| 3:37 | Queue | Villager (Male) |
| 4:29 | Build | Palisade Gate |
| 4:40 | Queue | Villager (Male) |
| 4:41 | Queue | Villager (Male) |
| 4:45 | Build | Palisade Gate |
| 5:18 | Build | Palisade Gate |
| 5:24 | Build | Palisade Gate |
| 5:39 | Queue | Villager (Male) |
| 5:39 | Queue | Villager (Male) |
| 5:39 | Queue | Villager (Male) |
| 6:04 | Build | Palisade Gate |
| 6:18 | Build | Palisade Gate |
| 6:29 | Build | Palisade Gate |
| 6:30 | Queue | Villager (Male) |
| 6:31 | Queue | Villager (Male) |
| 6:58 | Build | House |
| 7:14 | Build | House |
| 7:27 | Queue | Villager (Male) |
| 7:28 | Queue | Villager (Male) |
| 7:28 | Queue | Villager (Male) |
| 7:29 | Queue | Villager (Male) |
| 7:29 | Queue | Villager (Male) |
| 8:10 | Queue | Villager (Male) |
| 8:26 | Build | House |
| 9:04 | Queue | Villager (Male) |
| 9:04 | Queue | Villager (Male) |
| 9:04 | Queue | Villager (Male) |
| 9:50 | Build | Palisade Wall |
| 9:54 | Build | Palisade Wall |
| 9:55 | Build | Palisade Wall |
| 10:09 | Queue | Villager (Male) |
| 10:09 | Queue | Villager (Male) |
| 10:38 | Build | House |
| 10:40 | Build | Lumber Camp |
| 11:06 | Queue | Villager (Male) |
| 11:06 | Queue | Villager (Male) |
| 11:11 | Build | House |
| 11:42 | Queue | Villager (Male) |
| 11:42 | Queue | Villager (Male) |
| 11:45 | Build | Mill |
| 11:47 | Queue | Villager (Male) |
| 11:47 | Queue | Villager (Male) |
Build order — Zoopu
38 actions detected in the replay
| 0:02 | Queue | Villager (Male) |
| 0:02 | Queue | Villager (Male) |
| 0:02 | Queue | Villager (Male) |
| 0:02 | Queue | Villager (Male) |
| 0:05 | Build | House |
| 0:19 | Build | House |
| 1:40 | Queue | Villager (Male) |
| 1:48 | Build | Lumber Camp |
| 2:08 | Queue | Villager (Male) |
| 2:12 | Build | House |
| 2:16 | Build | House |
| 2:26 | Queue | Villager (Male) |
| 2:59 | Queue | Villager (Male) |
| 3:50 | Queue | Villager (Male) |
| 4:22 | Queue | Villager (Male) |
| 5:33 | Build | Lumber Camp |
| 6:14 | Queue | Villager (Male) |
| 6:30 | Build | Mill |
| 7:59 | Build | House |
| 8:08 | Queue | Villager (Male) |
| 8:26 | Queue | Villager (Male) |
| 8:38 | Queue | Villager (Male) |
| 9:02 | Queue | Villager (Male) |
| 9:35 | Queue | Villager (Male) |
| 9:50 | Queue | Villager (Male) |
| 10:11 | Queue | Villager (Male) |
| 10:18 | Build | Mining Camp |
| 10:32 | Queue | Villager (Male) |
| 10:55 | Queue | Villager (Male) |
| 11:00 | Build | Palisade Wall |
| 11:13 | Queue | Villager (Male) |
| 11:19 | Build | Palisade Wall |
| 11:43 | Queue | Villager (Male) |
| 11:58 | Build | Lumber Camp |
| 12:01 | Queue | Villager (Male) |
| 12:09 | Queue | Villager (Male) |
| 12:58 | Build | Lumber Camp |
| 13:09 | Build | House |
Match timeline
| 9:50 | タンヤ · wall_segment Palisade Wall x1 |
| 9:54 | タンヤ · wall_segment Palisade Wall x1 |
| 9:55 | タンヤ · wall_segment Palisade Wall x1 |
| 11:00 | Zoopu · wall_segment Palisade Wall x1 |
| 11:19 | Zoopu · wall_segment Palisade Wall x5 |
| 13:10 | タンヤ · resign |
[ AI ANALYSIS · 1 CREDIT ]
What really happened in this match?
Wolo.gg analyzes every decision: build order, eco, micro, common mistakes by bracket. Personalized analysis on WhatsApp or Discord in 30 seconds.
Civ guide
Mongols
Perfil
Jugador #319891